 Dungeon Crawl Stone Soup version 0.27-a0-660-g90476cec82 (webtiles) character file.

Game seed: 7013332484100294498

8 jasper the Grave Robber (level 2, -5/20 HPs)
             Began as a Hill Orc Necromancer on Mar 16, 2021.
             Slain by a kobold
             ... wielding a +0 whip
              (6 damage)
             ... on level 1 of the Dungeon.
             The game lasted 00:01:24 (725 turns).

jasper the Grave Robber (Hill Orc Necromancer)       Turns: 725, Time: 00:01:25

Health: -5/20      AC:  3    Str: 10    XL:     2   Next: 8%
Magic:  2/4        EV: 11    Int: 15    God:
Gold:   31         SH:  0    Dex: 11    Spells: 2/4 levels left

rFire    . . .     SeeInvis +   f - +0 club
rCold    . . .     Faith    .   (no shield)
rNeg     . . .     Spirit   .   c - +0 leather armour
rPois    .         Reflect  .   (no helmet)
rElec    .         Harm     .   (no cloak)
rCorr    .         Rampage  .   (no gloves)
Will     .....                  (no boots)
Stlth    +.........             (no amulet)
HPRegen  0.06/turn              g - ring of see invisible
MPRegen  0.09/turn              (no ring)

@: no status effects
A: no striking features
a: no special abilities


You were on level 1 of the Dungeon.
You visited 1 branch of the dungeon, and saw 1 of its levels.

You collected 31 gold pieces.

Inventory:

Hand Weapons
 f - a +0 club (weapon)
Missiles
 b - 22 stones
Armour
 a - a +0 robe
 c - a +0 leather armour (worn)
Jewellery
 g - a ring of see invisible (right hand)
Scrolls
 e - a scroll of magic mapping {unknown}
Potions
 d - a potion of lignification {unknown}
 h - a potion of attraction {unknown}


   Skills:
 - Level 1.5 Dodging
 - Level 1.5 Stealth
 - Level 1.5 Spellcasting
 + Level 4.4 Necromancy


You had 2 spell levels left.
You knew the following spells:

 Your Spells              Type           Power      Damage    Failure   Level
a - Pain                  Necr           56%        1d6       4%          1
b - Animate Skeleton      Necr           28%        N/A       4%          1

Your spell library contained the following spells:

 Spells                   Type           Power      Damage    Failure   Level
 Vampiric Draining        Necr           7%         2d7       16%         3
 Animate Dead             Necr           7%         N/A       45%         4
 Agony                    Necr           14%        N/A       80%         5


Dungeon Overview and Level Annotations

Branches:
Dungeon (1/15)

Altars:


Message History

You take 1 damage, and have 19/20 hp.
You closely miss the bat.
The bat is severely wounded.
The bat hits you but does no damage. x2; The bat misses you.
You hit the bat.
You kill the bat!
No target in view!
Found a stone staircase leading down.
Health restored: 20
There is a stone staircase leading down here.
A kobold comes into view. It is wielding a +0 whip.
The kobold shouts!
Found a gluggy blue potion.
A kobold is nearby!
You hit the kobold but do no damage. The kobold hits you with a +0 whip.
The kobold closely misses you.
You take 2 damage, and have 18/20 hp.
You hit the kobold but do no damage. The kobold barely misses you.
You closely miss the kobold. The kobold hits you with a +0 whip.
You take 6 damage, and have 12/20 hp.
MASSIVE DAMAGE!!
You are too injured to fight recklessly!
You are too injured to fight recklessly!
You hit the kobold but do no damage. The kobold misses you.
The kobold barely misses you.
You closely miss the kobold. The kobold barely misses you.
Aiming: Pain (safe; 4% risk of failure)
Press: ? - help, Q - select action, (/) - cycle Shift-Dir - straight line, f - kobold
Aim: a kobold, wielding a +0 whip (chance to affect: 85%)
The kobold barely resists.
The kobold hits you with a +0 whip.
You take 6 damage, and have 7/20 hp.
MASSIVE DAMAGE!!
You now have 3/4 mp.
Aiming: Pain (safe; 4% risk of failure)
Press: ? - help, Q - select action, (/) - cycle Shift-Dir - straight line, f/p - kobold
Aim: a kobold, wielding a +0 whip (chance to affect: 85%)
The kobold writhes in agony.
The kobold hits you with a +0 whip.
* * * LOW HITPOINT WARNING * * *
You take 6 damage, and have 1/20 hp.
MASSIVE DAMAGE!!
You now have 2/4 mp.
The kobold hits you with a +0 whip.
You die...

#... .####...###
#......####..##
#.##.........#
#!##.######..######
#.##.# #........
#.#.. #..######
#.#.# #..#
#K#.#######..#
#.@..........#
###.########.# #>#
#.######
#.########.......
#................
#################


You could see a kobold.

Vanquished Creatures
  A leopard gecko (D:1)
  2 goblins (D:1)
  2 bats (D:1)
  2 frilled lizards (D:1)
  A rat (D:1)
8 creatures vanquished.

Notes
Turn   | Place    | Note
-------+----------+-------------------------------------------
     0 | D:1      | jasper the Hill Orc Necromancer began the quest for the
                  | Orb.
     0 | D:1      | Reached XP level 1. HP: 14/14 MP: 3/3
   296 | D:1      | Reached XP level 2. HP: 5/20 MP: 2/4
   308 | D:1      | Learned a level 1 spell: Animate Skeleton
   722 | D:1      | HP: 1/20 [kobold/+0 whip (5)]
   725 | D:1      | Slain by a kobold

Illustrated notes

Levels and vault maps discovered:
D:1:      erik_arrival_triangle_large, layout_loops_ring, st_stairs_9

Action                   || total
-------------------------++-------
Melee: Unarmed           ||    11
       Club              ||    11
 Cast: Pain              ||     9
Armor: Leather armour    ||     9
       Robe              ||     1
Dodge: Dodged            ||    21

Table legend: (Time is in decaauts)
 A = Elapsed time spent in this place.
 B = Non-inter-level travel time spent in this place.
 C = Inter-level travel time spent in this place.
 D = Time resting spent in this place.
 E = Time spent auto-exploring this place.
 F = Levels seen in this place.
 G = Mean time per level.
                   A        B        C        D        E       F      G
               +--------+--------+--------+--------+--------+-----+--------+
         Total |    727 |    687 |     40 |      5 |    576 |   1 |  727.0 |
       Dungeon |    727 |    687 |     40 |      5 |    576 |   1 |  727.0 |
               +--------+--------+--------+--------+--------+-----+--------+

Top non-repeatable levels by time:
     D:1: 727 daAuts
